 Dungeon Crawl Stone Soup version 0.27-a0-650-g8dd3ea4f36 (webtiles) character file.

Game seed: 8931858246430957723

39 Anon1729 the Grasshopper (level 3, -20/31 HPs)
             Began as a Palentonga Warper on Mar 15, 2021.
             Killed by an exploding ooze (22 damage)
             ... ignited by their inner flame
             ... on level 1 of the Dungeon.
             The game lasted 00:04:04 (1789 turns).

Anon1729 the Grasshopper (Palentonga Warper)        Turns: 1789, Time: 00:04:05

Health: -20/31     AC:  6    Str: 15    XL:     3   Next: 28%
Magic:  6/6        EV:  9    Int: 13    God:
Gold:   43         SH:  0    Dex:  9    Spells: 6/6 levels left

rFire    . . .     SeeInvis +   a - +0 mace
rCold    . . .     Faith    .   (no shield)
rNeg     . . .     Spirit   .   b - +1 leather armour
rPois    .         Reflect  .   (no helmet)
rElec    .         Harm     .   (no cloak)
rCorr    .         Rampage  .   k - +0 pair of gloves
Will     .....                  (no barding)
Stlth    +.........             (no amulet)
HPRegen  0.10/turn              (no ring)
MPRegen  0.10/turn              (no ring)

@: no status effects
A: large, rugged brown scales 3, see invisible, deformed body, roll 1, armoured
tail
a: Rolling Charge


You were on level 1 of the Dungeon.
You visited 1 branch of the dungeon, and saw 2 of its levels.

You collected 43 gold pieces.

Inventory:

Hand Weapons
 a - a +0 mace (weapon)
Missiles
 e - 2 boomerangs of dispersal (quivered)
Armour
 b - a +1 leather armour (worn)
 k - a +0 pair of gloves (worn)


   Skills:
 + Level 2.2 Fighting
 + Level 2.3 Maces & Flails
 + Level 1.0 Throwing
 + Level 1.1 Armour
 + Level 1.8 Dodging
 + Level 2.2 Spellcasting
 + Level 3.2 Translocations


You had 6 spell levels left.
You didn't know any spells.
Your spell library contained the following spells:

 Spells                   Type           Power      Damage    Failure   Level
 Blink                    Tloc           N/A        N/A       12%         2
 Gell's Gravitas          Tloc           4%         N/A       24%         3
 Lesser Beckoning         Tloc           4%         N/A       24%         3
 Teleport Other           Tloc           9%         N/A       24%         3
 Manifold Assault         Tloc           9%         N/A       61%         4


Dungeon Overview and Level Annotations

Branches:
Dungeon (2/15)

Altars:
Okawaru
Jiyva


Innate Abilities, Weirdness & Mutations

You are completely covered in rugged brown scales. (AC +3, +7% HP)
You have supernaturally acute eyesight. (SInv)
Armour fits poorly on your strangely shaped body.
You can roll at nearby foes to attack.
You have a long armoured tail.


Message History

The boomerang of dispersal barely misses the jelly.
The boomerang of dispersal hits the giant cockroach but does no damage.
The ooze hits you but does no damage.
The jelly jiggles.
The ooze hits you but does no damage. The rat bites you but does no damage.
The ooze hits you but does no damage. x2
Unknown command.
Throw: 4 boomerangs (disperse)
Press: ? - help, Q - select action, (/) - cycle Shift-Dir - straight line, f - goblin, p - giant cockroach
Aim: a goblin, wielding a +0 club (inner flame, 45% to hit)
You throw a boomerang of dispersal.
The boomerang of dispersal hits the ooze.
Flame seeps out of the ooze.
The ooze blinks!
The ooze is moderately wounded.
The rat closely misses you. The ooze hits you.
* * * LOW HITPOINT WARNING * * *
Unknown command.
Unknown command.
You aren't carrying any potions.
Throw: 3 boomerangs (disperse)
Press: ? - help, Q - select action, (/) - cycle Shift-Dir - straight line, f - ooze, p - goblin
Aim: an ooze (inner flame, 84% to hit)
You throw a boomerang of dispersal.
The boomerang of dispersal hits the rat.
The rat blinks!
The rat explodes!
The fiery explosion engulfs the jelly!!
The fiery explosion engulfs the ooze!!
The ooze explodes!
The fiery explosion engulfs the jelly!!! x2
The jelly explodes!
The fiery explosion engulfs the bat!!
The fiery explosion engulfs the giant cockroach!!
The giant cockroach explodes!
The fiery explosion engulfs the ooze!!
The fiery explosion engulfs the ooze!
The ooze explodes! x2
The fiery explosion engulfs the ooze!!!
The ooze explodes!
The fiery explosion engulfs the ooze!!
The fiery explosion engulfs you!!
Ouch! That really hurt!
You die...

#.# ###..#................### #.#
#.....................#.. #.#
#.#..............(....#.#
####.####.#..#...................
#.......................#########
#########.#######################
#.##..................#..
##'##...########..#...#...
#...#...#@§§§# ##..##....#
###...#...#°§§§#####...#...#
#.....#...#J§§§#.#.8........
#.....#...#g§§§#.'......##.#
#.....#...#J§§§#.'..........
#.....'...#J§§.#.#.8......##
#.....#...#....#####....)#..
#.....#...#....# ##....#...#
#.....#...########....##..#.


You could see a jelly (inner flame), 2 oozes and a goblin (inner flame).

Vanquished Creatures
  3 jellies (D:1)
  An adder (D:2)
  6 oozes (D:1)
  A dart slug (D:1)
  2 leopard geckos
  2 ball pythons (D:2)
  A bat (D:1)
  3 giant cockroaches
  3 goblins (D:1)
  A hobgoblin (D:1)
  4 frilled lizards
  3 kobolds
  5 rats (D:1)
35 creatures vanquished.

Notes
Turn   | Place    | Note
-------+----------+-------------------------------------------
     0 | D:1      | Anon1729 the Palentonga Warper began the quest for the Orb.
     0 | D:1      | Reached XP level 1. HP: 18/18 MP: 3/3
   215 | D:1      | Found a viscous altar of Jiyva.
   215 | D:1      | Noticed a jelly
   215 | D:1      | Noticed a jelly
   223 | D:1      | Noticed a jelly
   223 | D:1      | Noticed a jelly
   421 | D:1      | Reached XP level 2. HP: 25/25 MP: 5/5
   679 | D:1      | Reached skill level 1 in Armour
  1190 | D:2      | Found an iron altar of Okawaru.
  1245 | D:2      | Reached skill level 1 in Throwing
  1245 | D:2      | Reached XP level 3. HP: 9/31 MP: 6/6
  1789 | D:1      | Killed by an exploding ooze... ignited by their inner flame

Illustrated notes

Levels and vault maps discovered:
D:1:      erik_arrival_cave_to_civilisation [erik_arrival_cave_to_temple],
          layout_basic
D:2:      layout_loops_ring, grunt_temple_overflow_open, minmay_misc_feat_tower,
          okawaru_trees_2

Skill      XL: |  1  2 |
---------------+-------+-----
Armour         | 1 |  1.1
Throwing       | 1 |  1.0
Fighting       | |  2.2
Maces & Flails | |  2.3
Dodging        | |  1.8
Spellcasting   | |  2.2
Translocations | |  3.2

Action                   || total
-------------------------++-------
Melee: Mace              ||    93
       Tailslap          ||     8
Throw: Boomerang         ||     3
  Use: Scroll            ||     5
       Potion            ||     4
Armor: Leather armour    ||    78
Dodge: Dodged            ||    77

Table legend: (Time is in decaauts)
 A = Elapsed time spent in this place.
 B = Non-inter-level travel time spent in this place.
 C = Inter-level travel time spent in this place.
 D = Time resting spent in this place.
 E = Time spent auto-exploring this place.
 F = Levels seen in this place.
 G = Mean time per level.
                   A        B        C        D        E       F      G
               +--------+--------+--------+--------+--------+-----+--------+
         Total |   1817 |   1761 |     56 |    265 |   1226 |   2 |  908.5 |
       Dungeon |   1817 |   1761 |     56 |    265 |   1226 |   2 |  908.5 |
               +--------+--------+--------+--------+--------+-----+--------+

Top non-repeatable levels by time:
     D:1: 1243 daAuts
     D:2: 573 daAuts
